 Dungeon Crawl Stone Soup version 0.28.0-53-g5a82cb258f (webtiles) character file.

Game seed: 18364505334439758074

571 Zeld the Magician (level 7, -3/36 HPs)
             Began as a Deep Elf Fire Elementalist on May 22, 2022.
             Slain by Pikel
             ... wielding a +2 whip of flaming
              (4 damage)
             ... on level 4 of the Dungeon.
             The game lasted 00:04:30 (6867 turns).

Zeld the Magician (Deep Elf Fire Elementalist)      Turns: 6867, Time: 00:04:31

Health: -3/36      AC:  2    Str:  5    XL:     7   Next: 11%
Magic:  10/18      EV: 12    Int: 22    God:
Gold:   167        SH:  0    Dex: 15    Spells: 9/18 levels left

rFire   . . .      SeeInvis .   (no weapon)
rCold   . . .      Faith    .   (no shield)
rNeg    . . .      Spirit   .   a - +0 robe
rPois   +          Reflect  .   (no helmet)
rElec   .          Harm     .   (no cloak)
rCorr   .          Rampage  .   (no gloves)
Will    .....                   (no boots)
Stlth   ++........              (no amulet)
HPRegen 0.12/turn               b - ring of poison resistance
MPRegen 0.16/turn               (no ring)

@: no status effects
A: no striking features
a: no special abilities


You were on level 4 of the Dungeon.
You visited 1 branch of the dungeon, and saw 5 of its levels.

You collected 184 gold pieces.
You spent 17 gold pieces at shops.

Inventory:

Armour
 a - a +0 robe (worn)
Jewellery
 b - a ring of poison resistance (left hand)
 g - a ring of flight
Wands
 n - a wand of flame (38)
Scrolls
 e - a scroll of magic mapping {unknown}
 f - a scroll of summoning {unknown}
 k - 2 scrolls of identify {unknown}
 l - a scroll of noise {unknown}
 m - a scroll of brand weapon {unknown}
Potions
 c - 3 potions of curing {unknown}
 d - 3 potions of haste {unknown}
 h - a potion of mutation {unknown}
 i - a potion of resistance {unknown}
 j - 2 potions of berserk rage {unknown}
 o - a potion of invisibility {unknown}


   Skills:
 - Level 2.4 Dodging
 - Level 2.4 Stealth
 * Level 6.3 Spellcasting
 + Level 3.2 Conjurations
 - Level 2.0 Hexes
 * Level 5.8 Fire Magic
 + Level 1.6 Air Magic
 - Level 2.0 Poison Magic


You had 9 spell levels left.
You knew the following spells:

 Your Spells              Type           Power      Damage    Failure   Level
a - Foxfire               Conj/Fire      100%       2x1d9     1%          1
b - Scorch                Fire           64%        2d8       1%          2
c - Inner Flame           Hex/Fire       24%        N/A       5%          3
g - Mephitic Cloud        Conj/Pois/Air  17%        N/A       11%         3

Your spell library contained the following spells:

 Spells                   Type           Power      Damage    Failure   Level
 Magic Dart               Conj           84%        1d7       2%          1
 Conjure Flame            Conj/Fire      26%        6-21      4%          3
 Animate Skeleton         Necr           12%        N/A       9%          1
 Apportation              Tloc           12%        N/A       9%          1
 Summon Small Mammal      Summ           24%        N/A       9%          1
 Call Imp                 Summ           6%         N/A       14%         2
 Flame Wave               Conj/Fire      26%        2d7       14%         4
 Hailstorm                Conj/Ice       14%        3d5       41%         4
 Ice Form                 Ice/Tmut       6%         N/A       65%         4
 Simulacrum               Ice/Necr       3%         N/A       100%        6


Dungeon Overview and Level Annotations

Branches:
Dungeon (5/15)
 Temple: D:4-7

Altars:
Okawaru
Trog
The Shining One

Shops:
D:1 *

Annotations:
D:4 Pikel


Message History

There is a stone staircase leading down, spattered with blood here.
Key pressed, stopping explore.
A lemure is nearby!
A lemure is nearby!
No target in view!
Casting: Scorch (safe; 1% risk of failure)
Confirm with . or Enter, or press ? or * to list all spells.
You can't see any susceptible monsters within range! (Use Z to cast anyway.)
There are monsters nearby!
Pikel shouts!
Pikel hits you with a +2 whip of flaming.
Pikel burns you.
Casting: Scorch (safe; 1% risk of failure)
Confirm with . or Enter, or press ? or * to list all spells.
Flames lash Pikel.
Pikel is lightly wounded.
Pikel's fire resistance burns away.
The lemure shouts!
Pikel hits you with a +2 whip of flaming!
Pikel burns you.
Casting: Scorch (safe; 1% risk of failure)
Confirm with . or Enter, or press ? or * to list all spells.
Flames lash Pikel.
Pikel is burned terribly!
Pikel is moderately wounded.
Pikel completely misses you.
Unknown command.
Casting: Scorch (safe; 1% risk of failure)
Confirm with . or Enter, or press ? or * to list all spells.
Flames lash Pikel.
Pikel is burned terribly!
Pikel is moderately wounded.
The lemure completely misses you.
Pikel hits you with a +2 whip of flaming.
Pikel burns you.
Casting: Scorch (safe; 1% risk of failure)
Confirm with . or Enter, or press ? or * to list all spells.
Flames lash Pikel but do no damage.
The lemure closely misses you.
Pikel hits you with a +2 whip of flaming!
* * * LOW HITPOINT WARNING * * *
Pikel burns you.
You die...

,,,..,.....#*#....##.....<...#,**
,*,**....#.>...#####..........,,,
,*,**.#####...## #..#.##.#.#,**
,*,**,* #...* ###..#....#,*,,,
,,,**,* #...* #......##.#,****
<*,**,* #...* ##.###.[...#,*
,,,,,,* #...* #...........,****
,,,,,,***##...###.##.....###**,,,
,*,**,^,,......K@....###...,,,,,,
,*,,,,,,,......5............,,,,,
,*,*,,,,,...................,,,,,
,,,,,,,**##...###.#.##.###,,,,,,,
,,,,,,,* #...* #........,,,,,***
*****,,* #.#,* ###..##,..,,,,*
*b≈≈*,,* #.,,* *...,,,.***,*
*,,,*,,* #,,,*****#.##,,,,**,***
*≈,≈*,,****,,,*,,,,,,,*,*,,,,,,,,


You could see Pikel (combustible) and a lemure.

Vanquished Creatures
  A centaur (D:5)
  An ogre (D:5)
  A lemure (D:4)
  A water moccasin skeleton (D:4)
  2 gnoll shamans (D:5)
  A hound (D:5)
  A centaur skeleton (D:4)
  An orc priest (D:4)
  2 orc wizards (D:4)
  6 gnolls
  4 adders
  A worm (D:3)
  A dart slug (D:2)
  4 orcs (D:4)
  8 bats
  6 endoplasms
  A giant cockroach (D:2)
  2 goblins (D:1)
  6 hobgoblins
  2 jackals (D:1)
  5 quokkas
  9 ball pythons
  2 frilled lizards (D:2)
  9 kobolds
  7 rats
84 creatures vanquished.

Vanquished Creatures (others)
  44 foxfires
  13 fungi (D:4)
  2 plants (D:5)
59 creatures vanquished.

Grand Total: 143 creatures vanquished

Notes
Turn   | Place    | Note
-------+----------+-------------------------------------------
     0 | D:1      | Zeld the Deep Elf Fire Elementalist began the quest for the
                  | Orb.
     0 | D:1      | Reached XP level 1. HP: 10/10 MP: 6/6
   349 | D:1      | Found Todu's Assorted Antiques.
   356 | D:1      | Reached XP level 2. HP: 15/15 MP: 6/8
   359 | D:1      | Learned a level 2 spell: Scorch
   375 | D:1      | Bought a fizzy ruby potion for 17 gold pieces
  1090 | D:1      | Reached XP level 3. HP: 14/19 MP: 5/10
  1094 | D:1      | Learned a level 3 spell: Inner Flame
  1405 | D:2      | Reached skill level 4 in Spellcasting
  2176 | D:2      | Reached skill level 1 in Hexes
  2176 | D:2      | Reached XP level 4. HP: 24/24 MP: 7/12
  3139 | D:3      | Found a glowing golden altar of the Shining One.
  3300 | D:3      | Found an iron altar of Okawaru.
  3300 | D:3      | Found a bloodstained altar of Trog.
  3597 | D:4      | Learned a level 3 spell: Mephitic Cloud
  3859 | D:4      | Reached XP level 5. HP: 28/28 MP: 7/14
  3984 | D:4      | Reached skill level 5 in Spellcasting
  4420 | D:4      | Reached skill level 5 in Fire Magic
  4645 | D:4      | Reached XP level 6. HP: 32/32 MP: 13/16
  4888 | D:5      | Entered Level 5 of the Dungeon
  4902 | D:5      | Reached skill level 1 in Air Magic
  4902 | D:5      | Reached skill level 1 in Poison Magic
  4906 | D:5      | Noticed Pikel
  5052 | D:5      | Reached skill level 6 in Spellcasting
  5424 | D:4      | Reached XP level 7. HP: 23/36 MP: 9/18
  5628 | D:5      | HP: 1/36 [gnoll/+0 spear (10)]
  6867 | D:4      | HP: 1/36 [Pikel/+2 whip of flaming (10)]
  6867 | D:4      | Slain by Pikel

Illustrated notes

Levels and vault maps discovered:
D:1:      roderic_chinese_lattice_arrival, layout_basic, serial_shops, shop
D:2:      layout_basic
D:3:      layout_basic, grunt_temple_overflow_bloody_war,
          mainiacjoe_overflow_boulevard
D:4:      layout_loops_cross, serial_aquarium, aquarium_bridge_island_small
          [aquarium_subvault_small_open, aquarium_subvault_wall,
          aquarium_subvault_wall, aquarium_subvault_wall,
          aquarium_subvault_bridge], aquarium_window_fake, aquarium_window_fake,
          aquarium_window_1, aquarium_view_2d, aquarium_pool_2, abandoned_shop,
          minmay_misc_feat_columns
D:5:      layout_rooms, amcnicky_altar_gilded, minmay_temple_entry_nine_rooms,
          guppyfry_early_lair_pool, uniq_pikel

Skill      XL: |  1  2  3  4  5  6  7 |
---------------+----------------------+-----
Spellcasting   | 4 5 6 |  6.3
Fire Magic     | 4 5 |  5.8
Conjurations   | 2 3 |  3.2
Hexes          | 1 2 |  2.0
Air Magic      | 1 |  1.6
Poison Magic   | 1 2 |  2.0
Dodging        | |  2.4
Stealth        | |  2.4

Action                   |  1- 3 |  4- 6 |  7- 9 || total
-------------------------+-------+-------+-------++-------
Melee: Unarmed           |    10 |     2 |     2 ||    14
 Cast: Foxfire           |    24 |     1 |       ||    25
       Scorch            |    45 |    56 |    23 ||   124
       Mephitic Cloud    |       |     1 |     2 ||     3
 Stab: Distracted        |     1 |       |       ||     1
       Sleeping          |     1 |       |       ||     1
Armor: Robe              |     7 |     1 |     1 ||     9
Dodge: Dodged            |    24 |    25 |    33 ||    82
